 Dungeon Crawl Stone Soup version 0.20.1-1-g8b1a95d (webtiles) character file.

267346 Crownlay the Spry (level 19, -5/170 HPs)
             Began as a Minotaur Fighter on Sept 1, 2017.
             Was the Champion of Cheibriados.
             Killed from afar by an ogre mage (56 damage)
             ... with a crystal spear
             ... on level 1 of the Vaults.
             The game lasted 03:01:03 (32141 turns).

Crownlay the Spry (Minotaur Fighter)               Turns: 32141, Time: 03:01:04

Health: -5/170     AC: 31    Str: 40    XL:     19   Next: 35%
Magic:  34/37      EV: 31    Int: 29    God:    Cheibriados [******]
Gold:   2410       SH: 27    Dex: 36    Spells: 18/18 levels left

rFire    + + +     SeeInvis .   X - +9 war axe of Fim Paoxify {chop, rElec Int+4 Dex+4}
rCold    . . .     Gourm    .   B - +4 shield {reflect}
rNeg     . . .     Faith    .   U - +3 plate armour
rPois    +         Spirit   .   c - +3 hat of Pondering {ponderous, MR+ MP+10 Int+5}
rElec    +         Reflect  +   O - +0 cloak
rCorr    +         Harm     .   u - +2 pair of gloves
MR       +++..                  Z - +2 pair of boots
Stlth    ..........             m - +4 amulet of reflection
Regen    0.4/turn               w - ring of poison resistance
MPRegen  0.3/turn               P - ring of resist corrosion

@: mighty, marked, very slow
A: retaliatory headbutt, hooves 1, horns 2, fire resistance 3, magic resistance
1, mutation resistance 1, weak 1
}: 2/15 runes: barnacled, gossamer
a: Bend Time, Temporal Distortion, Slouch, Step From Time, Renounce Religion


You were on level 1 of the Vaults.
You worshipped Cheibriados.
Cheibriados was exalted by your worship.
You were not hungry.

You visited 7 branches of the dungeon, and saw 33 of its levels.

You collected 2954 gold pieces.
You spent 544 gold pieces at shops.

Inventory:

Hand Weapons
 R - a +2 mace of protection
 X - the +9 war axe of Fim Paoxify (weapon) {chop, rElec Int+4 Dex+4}
   (You found it on level 1 of the Spider Nest)

   It inflicts extra damage upon your enemies.
   It affects your intelligence (+4).
   It affects your dexterity (+4).
   It insulates you from electricity.
Armour
 c - the +3 hat of Pondering (worn) {ponderous, MR+ MP+10 Int+5}
   (You took it off Gastronok on level 1 of the Orcish Mines)

   It affects your intelligence (+5).
   It affects your resistance to hostile enchantments.
   It affects your magic capacity (+10).
 u - a +2 pair of gloves (worn)
 B - a +4 shield of reflection (worn)
 N - a +2 large shield of reflection
 O - a +0 cloak (worn)
 U - a +3 plate armour (worn)
 Z - a +2 pair of boots (worn)
Jewellery
 m - a +4 amulet of reflection (around neck)
 o - a +1 ring of slaying
 w - a ring of poison resistance (left hand)
 F - an uncursed ring of fire {unknown}
 K - an uncursed ring of protection from magic {unknown}
 P - a ring of resist corrosion (right hand)
Wands
 b - a wand of acid (11/15)
 h - a wand of digging (14/24)
 n - a wand of lightning (4/15)
 H - a wand of disintegration (13/24)
 M - a wand of iceblast (8/15)
 T - a wand of lightning (9/15)
 V - a wand of acid (4/15)
Scrolls
 a - 2 scrolls of brand weapon
 j - 4 scrolls of recharging
 k - a scroll of fog
 q - 2 scrolls of summoning
 s - 11 scrolls of remove curse
 t - 5 scrolls of magic mapping
 x - 3 scrolls of blinking
 A - 5 scrolls of enchant weapon
 L - 8 scrolls of teleportation
Potions
 d - 4 potions of might
 e - a potion of ambrosia
 i - 4 potions of heal wounds
 v - 12 potions of curing
 z - 7 potions of flight
 C - 5 potions of agility
 D - 2 potions of cancellation
Miscellaneous
 Q - a box of beasts
 W - a lightning rod (4/4)
Comestibles
 f - 16 bread rations
 g - 20 meat rations
 l - 19 royal jellies
 I - 28 fruits


   Skills:
 + Level 15.5 Fighting
 - Level 17.5(17.6) Axes
 - Level 2.1(12.0) Maces & Flails
 + Level 14.2 Armour
 * Level 18.8 Dodging
 - Level 16.9 Shields
 - Level 10.8 Invocations
 * Level 12.6 Evocations


You had 18 spell levels left.
You didn't know any spells.

Dungeon Overview and Level Annotations

Branches:
Dungeon (15/15)            Temple (0/1) D:6            Lair (6/6) D:11
 Shoals (4/4) Lair:4       Spider (4/4) Lair:2        Slime (1/5) Lair:5
    Orc (2/2) D:12            Elf (0/3) Orc:2        Vaults (1/5) D:13
 Depths (0/5) D:15

Altars:
Cheibriados
Fedhas
Kikubaaqudgha
Okawaru
Sif Muna
Xom
Yredelemnul
Jiyva

Shops:
D:5 }   D:11 *   D:12 (   D:15 *   Orc:2 [!!*


Innate Abilities, Weirdness & Mutations

You reflexively headbutt those who attack you in melee.
You have a pair of horns on your head.
You have large cloven feet.
Your flesh is almost immune to the effects of heat. (rF+++)
You are resistant to hostile enchantments. (MR+)
You are somewhat resistant to further mutation.
You are weak. (Str -2)


Message History

Cheibriados appreciates the change of pace.
You slash the ironbrand convoker!
You kill the ironbrand convoker!
Cheibriados thoroughly appreciates the change of pace.
The ogre mage misses you.
An orc knight comes into view. It is wielding a great mace.
Drop what? 44/52 slots (_ for help) (? for menu, Esc to quit)
Okay, then.
The flow of time bends around you.
Cheibriados rebukes the two-headed ogre.
The two-headed ogre seems to slow down.
Cheibriados rebukes the two-headed ogre.
The two-headed ogre seems to slow down.
You feel slightly more hungry.
The orc wizard mumbles some strange words.
The orc wizard flickers and vanishes!
Deactivating autopickup; reactivate with Ctrl-A.
You block the two-headed ogre's attack. x2
The ogre mage gestures at you while chanting.
The crystal spear hits you!
You die...

# ........# ###+#####
.........# #......##
.........# #......##
?........# #......##
.......oo# #......##
......oo{# #......##
.....o§O# #......##
#####''#@###########'#'##
.()....O.................
.(....).O................
.........................
.........................
........o................
#######l#############'###
.o #...###...#
#...#.#...#


You could see an orc knight, 2 two-headed ogres, an ogre mage, a basilisk, an
orc priest and 5 orcs.

Vanquished Creatures
  Saint Roka (Vaults:1)
  Nikola (Vaults:1)
  Jorgrun (Spider:3)
  Gastronok (Orc:1)
  An azure jelly (Lair:5)
  Ilsuiw (Shoals:4)
  2 fire giants (D:12)
  4 vault wardens (Vaults:1)
  Aizul (Shoals:3)
  2 orc warlords (Orc:2)
  2 emperor scorpions (Spider:4)
  5 ghost moths
  3 entropy weavers
  The ghost of Terandir the Severer, a journeyman MiFi of Uskayaw (Lair:5)
  A dire elephant (Lair:5)
  2 spark wasps (Spider:4)
  3 merfolk javelineers (Shoals:4)
  4 merfolk impalers
  A rakshasa (Vaults:1)
  A vault guard (D:13)
  5 hydras
  A satyr (Shoals:3)
  A centaur warrior (D:14)
  A merfolk avatar (Shoals:4)
  4 merfolk aquamancers
  4 catoblepae
  19 two-headed ogres
  16 death yaks
  4 ogre magi
  The ghost of doot the Thaumaturge, a journeyman DEFE of Vehumet (Lair:2)
  A fire crab (shapeshifter) (D:14)
  The ghost of Gobbopathe the Chopper, a novice FoAK of Lugonu (D:6)
  9 skeletal warriors (D:14)
  2 unseen horrors
  16 sea snakes
  2 deep trolls (Orc:2)
  An ironbrand convoker (Vaults:1)
  29 harpies
  A lindwurm (Lair:5)
  3 wizards
  Pikel (D:7)
  4 orc knights
  38 wolf spiders
  18 orb spiders
  14 ugly things
  A necromancer (Vaults:1)
  An orc sorcerer (Orc:2)
  A deep elf mage (D:12)
  8 cyclopes
  13 fauns
  2 oklob plants (Lair:5)
  20 manticores
  4 moths of wrath
  17 merfolk sirens
  9 elephants
  6 vault sentinels (Vaults:1)
  A torpor snail (Spider:3)
  2 black mambas
  7 centaur skeletons
  14 spiny frogs
  A black mamba (shapeshifter) (D:13)
  4 gargoyles
  A storm dragon simulacrum (Vaults:1)
  A spiny frog (shapeshifter) (D:15)
  9 water nymphs
  6 rime drakes
  4 kobold demonologists (D:12)
  7 yaktaurs (Vaults:1)
  2 freezing wraiths (D:14)
  6 komodo dragons
  18 demonic crawlers
  21 merfolk
  A polar bear (shapeshifter) (D:14)
  15 trolls
  41 jumping spiders
  Grinder (D:3)
  3 meliai (D:14)
  14 blink frogs
  7 snapping turtles
  9 hippogriffs
  11 wind drakes
  9 hornets
  A fire giant simulacrum (Vaults:1)
  3 human simulacra (Vaults:1)
  11 slime creatures
  14 dream sheep
  Sigmund (D:4)
  87 redbacks
  41 tarantellas
  Eustachio (D:6)
  17 water elementals
  2 wraiths
  54 yaks
  8 wyverns
  A shadow (D:12)
  A yak (shapeshifter) (D:15)
  The ghost of Gobbopathe the Skirmisher, an amateur FoAK of Lugonu (D:5)
  6 basilisks
  A vampire mosquito (D:12)
  A basilisk (shapeshifter) (D:12)
  3 hungry ghosts (D:14)
  3 steam dragons
  3 wargs (Orc:2)
  4 acid dragons
  A soldier ant (D:8)
  Duvessa (D:4)
  19 water moccasins
  A soldier ant (shapeshifter) (D:15)
  A floating eye (shapeshifter) (D:15)
  13 porcupines
  A black bear (D:10)
  29 orc warriors
  2 ice beasts
  4 sky beasts
  A hornet zombie (D:15)
  A necrophage (D:9)
  A phantom (D:14)
  33 ogres
  4 boggarts
  4 wolves (Lair:2)
  6 centaurs
  An elf skeleton (Vaults:1)
  13 crocodiles
  7 big kobolds
  Blork the orc (D:6)
  22 bullfrogs
  A wyvern zombie (D:12)
  Dowan (D:4)
  5 scorpions
  14 killer bees
  A troll zombie (D:9)
  13 wights
  A howler monkey (D:4)
  An electric eel (Lair:5)
  8 crimson imps
  3 centaur zombies
  A quasit (D:8)
  2 human zombies (D:9)
  A yaktaur simulacrum (Vaults:1)
  7 jellies
  2 bullfrog skeletons
  14 orc priests
  6 hounds
  29 orc wizards
  Natasha (twice) (D:4)
  2 human skeletons (D:9)
  8 worker ants
  5 iguanas
  A hound skeleton (D:4)
  3 mummies (D:9)
  Robin (D:4)
  A worker ant zombie (D:11)
  7 gnolls
  2 river rats (D:11)
  18 adders
  4 shadow imps
  An ooze (D:1)
  An adder skeleton (D:5)
  4 worms
  2 dart slugs
  3 leopard geckos
  69 orcs
  11 bats
  3 giant cockroaches
  12 hobgoblins
  7 jackals
  30 kobolds
  5 quokkas
  5 frilled lizards
  A giant cockroach zombie (D:6)
  13 goblins
  A jackal zombie (D:5)
  10 rats
  A fungus (Lair:6)
  4 plants
1308 creatures vanquished.

Vanquished Creatures (others)
  Polyphemus (Shoals:2)
  5 merfolk javelineers
  A centaur warrior (D:13)
  A sea snake (Shoals:4)
  2 fauns (Shoals:1)
  A cyclops (D:15)
  6 yaktaurs (Vaults:1)
  A redback (Spider:4)
  A tarantella (Spider:3)
  A slave (D:7)
  An orc warrior (Vaults:1)
  2 boggarts (Vaults:1)
  3 centaurs
  A kobold (D:14)
  11 fungi
  9 plants
  7 toadstools (Lair:5)
54 creatures vanquished.

Grand Total: 1362 creatures vanquished

Notes
Turn   | Place    | Note
-------+----------+-------------------------------------------
     0 | D:1      | Crownlay the Minotaur Fighter began the quest for the Orb.
     0 | D:1      | Reached XP level 1. HP: 19/19 MP: 0/0
    85 | D:1      | Reached XP level 2. HP: 27/27 MP: 1/1
   617 | D:1      | Reached XP level 3. HP: 31/33 MP: 2/2
   990 | D:2      | Reached XP level 4. HP: 40/40 MP: 3/3
  1221 | D:3      | Reached skill level 1 in Evocations
  1226 | D:3      | Noticed an ogre
  1233 | D:3      | Killed an ogre
  1233 | D:3      | Reached skill level 5 in Shields
  1233 | D:3      | Reached XP level 5. HP: 6/46 MP: 4/4
  1500 | D:3      | Found a basalt altar of Yredelemnul.
  1522 | D:3      | Noticed Grinder
  1522 | D:3      | Paralysed by Grinder for 3 turns
  1552 | D:3      | Killed Grinder
  1552 | D:3      | Reached skill level 5 in Axes
  1552 | D:3      | Reached XP level 6. HP: 23/53 MP: 6/6
  1819 | D:3      | Found a snail-covered altar of Cheibriados.
  1893 | D:3      | Became a worshipper of Cheibriados the Contemplative
  2073 | D:3      | Reached skill level 1 in Invocations
  2167 | D:3      | Found a deep blue altar of Sif Muna.
  2167 | D:3      | Found a shimmering altar of Xom.
  2168 | D:3      | Found a blossoming altar of Fedhas.
  2222 | D:4      | Noticed Sigmund
  2230 | D:4      | Killed Sigmund
  2230 | D:4      | Reached XP level 7. HP: 54/60 MP: 7/7
  2252 | D:4      | Reached skill level 5 in Armour
  2457 | D:4      | Noticed Robin
  2461 | D:4      | Reached * piety under Cheibriados
  2468 | D:4      | Killed Robin
  2478 | D:4      | Gained mutation: Your magical capacity is low. (-10% MP) [potion of mutation]
  2478 | D:4      | Gained mutation: Your system is resistant to poisons. (rPois) [potion of mutation]
  2478 | D:4      | Gained mutation: You are agile. (Dex +2) [potion of mutation]
  2479 | D:4      | Lost mutation: Your system is resistant to poisons. (rPois) [potion of mutation]
  2479 | D:4      | Lost mutation: Your magical capacity is low. (-10% MP) [potion of mutation]
  2479 | D:4      | Lost mutation: You are agile. (Dex +2) [potion of mutation]
  2479 | D:4      | Gained mutation: You are resistant to hostile enchantments. (MR+) [potion of mutation]
  2479 | D:4      | Gained mutation: You are clumsy. (Dex -2) [potion of mutation]
  2479 | D:4      | Gained mutation: You have an increased reservoir of magic. (+10% MP) [potion of mutation]
  2499 | D:4      | Lost mutation: You are resistant to hostile enchantments. (MR+) [potion of mutation]
  2499 | D:4      | Lost mutation: You are clumsy. (Dex -2) [potion of mutation]
  2499 | D:4      | Lost mutation: You have an increased reservoir of magic. (+10% MP) [potion of mutation]
  2499 | D:4      | Gained mutation: Your body sometimes deteriorates upon taking damage. [potion of mutation]
  2499 | D:4      | Gained mutation: Your flesh is heat resistant. (rF+) [potion of mutation]
  2554 | D:4      | Noticed Natasha
  2568 | D:4      | Killed Natasha
  2672 | D:4      | Noticed Duvessa
  2673 | D:4      | Noticed Dowan
  2681 | D:4      | Killed Dowan
  2693 | D:4      | Killed Duvessa
  2693 | D:4      | Reached XP level 8. HP: 25/67 MP: 6/8
  2729 | D:4      | Lost mutation: Your flesh is heat resistant. (rF+) [potion of mutation]
  2729 | D:4      | Lost mutation: Your body sometimes deteriorates upon taking damage. [potion of mutation]
  2729 | D:4      | Gained mutation: You have supernaturally acute eyesight. (SInv) [potion of mutation]
  2729 | D:4      | Gained mutation: Armour fits poorly on your strangely shaped body. [potion of mutation]
  2729 | D:4      | Gained mutation: Your spells are a little harder to cast, but a little more powerful. [potion of mutation]
  2729 | D:4      | Gained mutation: You have sharp toenails. [potion of mutation]
  3051 | D:4      | Noticed Natasha
  3055 | D:4      | Killed Natasha
  3087 | D:5      | Entered Level 5 of the Dungeon
  3100 | D:5      | Reached skill level 5 in Fighting
  3138 | D:5      | You fall through a shaft for 3 floors!
  3551 | D:6      | Noticed Blork the orc
  3558 | D:6      | Killed Blork the orc
  3638 | D:6      | Noticed Gobbopathe's ghost (novice FoAK)
  3648 | D:6      | Reached ** piety under Cheibriados
  3657 | D:6      | Killed Gobbopathe's ghost
  3657 | D:6      | Reached skill level 10 in Axes
  3657 | D:6      | Reached XP level 9. HP: 56/74 MP: 10/10
  3661 | D:6      | Found a staircase to the Ecumenical Temple.
  3679 | D:6      | Noticed Eustachio
  3706 | D:6      | Killed Eustachio
  4098 | D:5      | Noticed Gobbopathe's ghost (amateur FoAK)
  4107 | D:5      | Killed Gobbopathe's ghost
  4466 | D:5      | Found Sekhlyh's Gadget Emporium.
  4857 | D:7      | Noticed Pikel
  4862 | D:7      | Killed Pikel
  5080 | D:8      | Reached *** piety under Cheibriados
  5369 | D:8      | Gained mutation: You expend magic power (3 MP) to strengthen your wands. [mutagenic meat]
  5370 | D:8      | Gained mutation: Your spells are harder to cast, but more powerful. [mutagenic meat]
  5371 | D:8      | Lost mutation: Armour fits poorly on your strangely shaped body. [mutagenic meat]
  5372 | D:8      | Gained mutation: You evolve. [mutagenic meat]
  5374 | D:8      | Gained mutation: You are agile. (Dex +2) [mutagenic meat]
  5400 | D:8      | Noticed a two-headed ogre
  5407 | D:8      | Killed a two-headed ogre
  5407 | D:8      | Reached XP level 10. HP: 74/84 MP: 12/12
  5845 | D:8      | Reached **** piety under Cheibriados
  5957 | D:8      | Reached skill level 5 in Invocations
  6297 | D:9      | Noticed a two-headed ogre
  6304 | D:9      | Killed a two-headed ogre
  6304 | D:9      | Reached skill level 10 in Shields
  6465 | D:9      | Noticed a two-headed ogre
  6473 | D:9      | Killed a two-headed ogre
  6957 | D:9      | Reached ***** piety under Cheibriados
  6976 | D:9      | Reached XP level 11. HP: 82/94 MP: 14/14
  6978 | D:9      | Found an ancient bone altar of Kikubaaqudgha.
  7118 | D:10     | Entered Level 10 of the Dungeon
  7285 | D:10     | Noticed a two-headed ogre
  7296 | D:10     | Noticed a two-headed ogre
  7296 | D:10     | Killed a two-headed ogre
  7302 | D:10     | Killed a two-headed ogre
  7607 | D:10     | Lost mutation: Your spells are harder to cast, but more powerful. [evolution]
  8448 | D:11     | Found a staircase to the Lair.
  8449 | D:11     | Noticed a death yak
  8450 | D:11     | Noticed a death yak
  8450 | D:11     | Noticed a death yak
  8459 | D:11     | Killed a death yak
  8462 | D:11     | Killed a death yak
  8464 | D:11     | Killed a death yak
  8464 | D:11     | Reached XP level 12. HP: 32/106 MP: 16/16
  8760 | D:11     | Found Etipoonu's General Store.
  8898 | D:11     | Lost mutation: You expend magic power (3 MP) to strengthen your wands. [mutagenic meat]
  8899 | D:11     | Lost mutation: You evolve. [mutagenic meat]
  8901 | D:11     | Gained mutation: Your flesh is heat resistant. (rF+) [mutagenic meat]
  9057 | D:12     | Reached ****** piety under Cheibriados
  9155 | D:12     | Found a staircase to the Orcish Mines.
  9171 | D:12     | Reached skill level 10 in Fighting
  9210 | D:12     | Found Idufaadd's Antique Weapon Emporium.
  9248 | D:12     | Noticed a two-headed ogre
  9257 | D:12     | Killed a two-headed ogre
  9432 | D:12     | Noticed a fire giant
  9433 | D:12     | Found an ancient bone altar of Kikubaaqudgha.
  9433 | D:12     | Noticed a fire giant
  9439 | D:12     | Killed a fire giant
  9450 | D:12     | Killed a fire giant
  9542 | D:12     | Found a shimmering altar of Xom.
 10321 | D:13     | Lost mutation: You are agile. (Dex +2) [mutagenic meat]
 10364 | D:13     | Found a gate to the Vaults.
 10364 | D:13     | Noticed a vault guard
 10372 | D:13     | Killed a vault guard
 10493 | Lair:1   | Entered Level 1 of the Lair of Beasts
 10758 | Lair:1   | Reached XP level 13. HP: 116/116 MP: 18/18
 11091 | D:11     | Identified a scroll of acquirement
 11541 | Lair:2   | Found a hole to the Spider Nest.
 12398 | Lair:2   | Noticed doot's ghost (journeyman DEFE)
 12404 | Lair:2   | Killed doot's ghost
 13318 | Lair:4   | Reached skill level 15 in Shields
 13340 | Lair:4   | Reached skill level 10 in Armour
 13514 | Lair:4   | Reached skill level 15 in Axes
 13673 | Lair:4   | Found a staircase to the Shoals.
 14202 | Lair:5   | Found a viscous altar of Jiyva.
 14202 | Lair:5   | Found a staircase to the Slime Pits.
 14605 | Lair:5   | Noticed Terandir's ghost (journeyman MiFi)
 14618 | Lair:5   | Killed Terandir's ghost
 14618 | Lair:5   | Reached XP level 14. HP: 85/127 MP: 19/19
 14680 | Lair:5   | Found a runed door.
 15077 | Lair:6   | Entered Level 6 of the Lair of Beasts
 15078 | Lair:6   | Reached skill level 1 in Maces & Flails
 15815 | Lair:6   | Reached skill level 10 in Invocations
 16691 | D:12     | Gained mutation: You are clumsy. (Dex -2) [mutagenic meat]
 16692 | D:12     | Gained mutation: You are partially covered in rugged brown scales. (AC +1, +3% HP) [mutagenic meat]
 16694 | D:12     | Lost mutation: You are clumsy. (Dex -2) [mutagenic meat]
 16714 | Orc:1    | Entered Level 1 of the Orcish Mines
 16751 | Orc:1    | Noticed Gastronok
 16760 | Orc:1    | Killed Gastronok
 16887 | Orc:2    | Entered Level 2 of the Orcish Mines
 17118 | Orc:2    | Found a staircase to the Elven Halls.
 17172 | Orc:2    | Reached XP level 15. HP: 141/141 MP: 21/21
 17421 | Orc:2    | Found Roleq's General Store.
 17430 | Orc:2    | Found Zuvusyop's Distillery.
 17431 | Orc:2    | Found Hocyub's Antique Armour Shop.
 17441 | Orc:2    | Bought a potion of heal wounds for 50 gold pieces
 17444 | Orc:2    | Found Moiplerch's Distillery.
 17455 | Orc:2    | Bought a potion of heal wounds for 55 gold pieces
 17455 | Orc:2    | Bought a potion of heal wounds for 55 gold pieces
 17455 | Orc:2    | Bought 2 potions of heal wounds for 110 gold pieces
 17482 | Orc:2    | Noticed an orc warlord
 17489 | Orc:2    | Noticed an orc warlord
 17503 | Orc:2    | Killed an orc warlord
 17516 | Orc:2    | Killed an orc warlord
 18528 | D:14     | Gained mutation: You can translocate small distances at will. [mutagenic meat]
 18529 | D:14     | Lost mutation: You are partially covered in rugged brown scales. (AC +1, +3% HP) [mutagenic meat]
 18530 | D:14     | Gained mutation: You are clumsy. (Dex -2) [mutagenic meat]
 18531 | D:14     | Gained mutation: You are partially covered in slimy green scales. (AC +2) [mutagenic meat]
 18532 | D:14     | Gained mutation: Your flesh is very heat resistant. (rF++) [mutagenic meat]
 18535 | D:14     | Lost mutation: Your spells are a little harder to cast, but a little more powerful. [mutagenic meat]
 18564 | D:14     | Gained mutation: You are resistant to hostile enchantments. (MR+) [mutagenic meat]
 18565 | D:14     | Gained mutation: You are partially covered in molten scales. (AC +2) [mutagenic meat]
 18598 | D:14     | Lost mutation: You are clumsy. (Dex -2) [mutagenic meat]
 18600 | D:14     | Gained mutation: Your system is resistant to poisons. (rPois) [mutagenic meat]
 18863 | D:14     | Lost mutation: You have supernaturally acute eyesight. (SInv) [mutagenic meat]
 18864 | D:14     | Gained mutation: You are weak. (Str -2) [mutagenic meat]
 19226 | D:14     | Reached skill level 15 in Fighting
 19331 | D:14     | Reached skill level 1 in Dodging
 19354 | D:14     | Reached skill level 2 in Dodging
 19364 | D:14     | Reached skill level 3 in Dodging
 19374 | D:14     | Reached skill level 4 in Dodging
 19604 | D:15     | Entered Level 15 of the Dungeon
 19619 | D:15     | Reached skill level 5 in Dodging
 19634 | D:15     | Reached skill level 6 in Dodging
 19666 | D:15     | Reached XP level 16. HP: 149/149 MP: 23/23
 19676 | D:15     | Gained mutation: You are somewhat resistant to further mutation. [mutagenic meat]
 19707 | D:15     | Reached skill level 7 in Dodging
 19723 | D:15     | Found a staircase to the Depths.
 19741 | D:15     | Gained mutation: Your flesh is almost immune to the effects of heat. (rF+++) [mutagenic meat]
 19900 | D:15     | Reached skill level 8 in Dodging
 20023 | D:15     | Reached skill level 9 in Dodging
 20065 | D:15     | Found an iron altar of Okawaru.
 20219 | D:15     | Found Cydios's Assorted Antiques.
 20800 | Spider:1 | Entered Level 1 of the Spider Nest
 20838 | Spider:1 | Reached skill level 10 in Dodging
 21037 | Spider:1 | Reached skill level 11 in Dodging
 21465 | Spider:1 | Reached skill level 12 in Dodging
 21554 | Spider:1 | Got an ancient war axe
 21555 | Spider:1 | Identified the +9 war axe of Fim Paoxify {chop, rElec Int+4 Dex+4} (You found it on level 1 of the Spider Nest)
 21919 | Spider:2 | Reached skill level 13 in Dodging
 22270 | Spider:2 | Reached skill level 5 in Evocations
 22939 | Spider:2 | Reached skill level 14 in Dodging
 23343 | Spider:3 | Noticed Jorgrun
 23352 | Spider:3 | Killed Jorgrun
 23505 | Spider:3 | Reached XP level 17. HP: 156/156 MP: 24/24
 23691 | Spider:3 | Reached skill level 15 in Dodging
 24821 | Spider:4 | Entered Level 4 of the Spider Nest
 25667 | Spider:4 | Lost mutation: You are partially covered in molten scales. (AC +2) [mutagenic meat]
 25746 | Spider:4 | Reached skill level 16 in Dodging
 25808 | Spider:4 | Got a gossamer rune of Zot
 26511 | Lair:4   | Lost mutation: You are partially covered in slimy green scales. (AC +2) [potion of mutation]
 26511 | Lair:4   | Lost mutation: Your system is resistant to poisons. (rPois) [potion of mutation]
 26511 | Lair:4   | Gained mutation: Your magical capacity is low. (-10% MP) [potion of mutation]
 26810 | Shoals:1 | Entered Level 1 of the Shoals
 27869 | Shoals:2 | Reached skill level 10 in Evocations
 27924 | Shoals:2 | Reached XP level 18. HP: 155/163 MP: 22/22
 27958 | Shoals:2 | Reached skill level 17 in Dodging
 28108 | Shoals:2 | Noticed Polyphemus
 28123 | Shoals:2 | Killed Polyphemus
 29494 | Shoals:3 | Noticed Aizul
 29504 | Shoals:3 | Killed Aizul
 29832 | Shoals:4 | Entered Level 4 of the Shoals
 30214 | Shoals:4 | Noticed Ilsuiw
 30219 | Shoals:4 | Reached skill level 18 in Dodging
 30238 | Shoals:4 | Killed Ilsuiw
 30702 | Shoals:4 | Got a barnacled rune of Zot
 31109 | Slime:1  | Entered Level 1 of the Pits of Slime
 31243 | D:11     | Bought a potion of heal wounds for 85 gold pieces
 31319 | Orc:2    | Bought a cloak for 85 gold pieces
 31343 | Orc:2    | Bought a potion of mutation for 80 gold pieces
 31343 | Orc:2    | Lost mutation: Your magical capacity is low. (-10% MP) [potion of mutation]
 31343 | Orc:2    | Lost mutation: You have sharp toenails. [potion of mutation]
 31343 | Orc:2    | Lost mutation: You can translocate small distances at will. [potion of mutation]
 31343 | Orc:2    | Gained mutation: You have large cloven feet. [potion of mutation]
 31350 | Orc:2    | Bought a scroll of identify for 24 gold pieces
 31500 | Vaults:1 | Entered Level 1 of the Vaults
 31525 | Vaults:1 | Reached XP level 19. HP: 170/170 MP: 27/27
 31687 | Vaults:1 | Noticed Nikola
 31723 | Vaults:1 | Killed Nikola
 32117 | Vaults:1 | Noticed Saint Roka
 32134 | Vaults:1 | Killed Saint Roka
 32141 | Vaults:1 | Killed from afar by an ogre mage

Skill      XL: |  1  2  3  4  5  6  7  8  9 10 11 12 13 14 15 16 17 18 19 |
---------------+----------------------------------------------------------+-----
Shields        | 4 5 6 7 9 10 12 14 15 16 | 16.9
Fighting       | 4 5 6 7 9 11 12 13 15 | 15.5
Armour         | 4 5 6 7 8 9 10 11 12 13 14 | 14.2
Axes           | 3 4 5 6 7 10 11 12 13 14 15 16 17 | 17.5
Evocations     | 1 6 10 12 | 12.6
Invocations    | 1 2 3 4 5 7 8 9 10 | 10.8
Maces & Flails | 2 |  2.1
Dodging        | 6 14 16 18 | 18.8

Action                   |  1- 3 |  4- 6 |  7- 9 | 10-12 | 13-15 | 16-18 | 19-21 || total
-------------------------+-------+-------+-------+-------+-------+-------+-------++-------
Melee: War axe           |   101 |   107 |   229 |   505 |   860 |  1297 |    94 ||  3193
       Headbutt          |    12 |    14 |    57 |   196 |   325 |   441 |    36 ||  1081
       Trident           |       |       |     1 |       |       |       |       ||     1
       Mace              |       |       |       |       |    24 |       |       ||    24
Invok: Bend Time         |       |       |     4 |     2 |     2 |       |     1 ||     9
       Step From Time    |       |       |       |       |       |     1 |       ||     1
Evoke: Wand              |       |       |       |       |       |    18 |       ||    18
       Lightning rod     |       |       |       |       |       |     4 |       ||     4
  Use: Scroll            |       |     2 |    11 |     9 |     8 |    16 |     2 ||    48
       Potion            |       |       |     4 |     2 |     5 |    15 |     1 ||    27
  Eat: Chunk             |       |     5 |    11 |    15 |    40 |    28 |     3 ||   102
       Bread ration      |       |       |       |       |     1 |       |       ||     1
       Fruit             |       |       |       |       |       |     3 |       ||     3
Armor: Scale mail        |    61 |    42 |    77 |    71 |       |       |       ||   251
       Plate armour      |       |       |       |    55 |   232 |   327 |    13 ||   627
Dodge: Dodged            |    29 |    39 |    63 |    78 |   126 |   810 |    48 ||  1193
Block: Shield            |    66 |    60 |   147 |   496 |   929 |  1827 |   107 ||  3632
       Reflection        |       |       |     4 |    17 |    52 |   129 |    20 ||   222
